 Dungeon Crawl Stone Soup version 0.30-a0-757-ga6a79fd877 (webtiles) character file.

Game seed: 8055957722680050510

8133 patfeehan111222 the Basher (level 11, -5/145 HPs)
             Began as a Minotaur Berserker on Feb 9, 2023.
             Was a High Priest of Trog.
             Slain by Fannar
             ... wielding a staff of cold
              (14 damage)
             ... on level 1 of the Lair of Beasts.
             The game lasted 00:30:39 (10433 turns).

patfeehan111222 the Basher (Minotaur Berserker)    Turns: 10433, Time: 00:30:40

Health: -5/145     AC: 16    Str: 24    XL:     11   Next: 5%
Magic:  10/10      EV:  7    Int: 12    God:    Trog [*****.]
Gold:   561        SH: 14    Dex: 10    Spells: 10/10 levels left

rFire   . . .      SeeInvis .    f - +8 demon blade "Leech" {evervamp, Harm Drain rN+}
rCold   . . .      Faith    .    y - +0 kite shield
rNeg    + . .      Spirit   .    x - +0 plate armour
rPois   .          Reflect  +    I - +2 hat
rElec   .          Harm     +    (no cloak)
rCorr   .          Rampage  .    (no gloves)
Will    .....                    (no boots) Stlth
                                 h - amulet of reflection
HPRegen 0.44/turn                B - +6 ring of intelligence
MPRegen 0.12/turn                (no ring)

@: berserking, very quick
A: horns 2, retaliatory headbutt
a: Renounce Religion, Berserk, Trog's Hand, Brothers in Arms


You were on level 1 of the Lair of Beasts.
You worshipped Trog.
Trog was extremely pleased with you.
You visited 3 branches of the dungeon, and saw 11 of its levels.
You also visited: Sewer.

You collected 561 gold pieces.

Inventory:

Hand Weapons
 f - the +8 demon blade "Leech" (weapon) {evervamp, Harm Drain rN+}
   (You found it on level 1 of the Lair of Beasts)

   rN:        It protects you from negative energy.
   Drain:     It drains your maximum health when unequipped.
   Harm:      It increases damage dealt and taken.
 z - a +0 morningstar
Missiles
 b - 4 silver javelins (quivered)
 c - 7 boomerangs
 p - 3 javelins
Armour
 l - a +0 chain mail
 x - a +0 plate armour (worn)
 y - a +0 kite shield (worn)
 I - a +2 hat (worn)
Jewellery
 h - an amulet of reflection (around neck)
 B - a +6 ring of intelligence (left hand)
Wands
 e - a wand of digging (3)
 F - a wand of charming (21)
 H - a wand of iceblast (1)
Scrolls
 a - a scroll of enchant weapon {unknown}
 d - 3 scrolls of silence {unknown}
 k - 5 scrolls of teleportation
 n - a scroll of fog
 o - 2 scrolls of poison
 r - 2 scrolls of noise {unknown}
 v - a scroll of vulnerability {unknown}
 A - 4 scrolls of blinking
 C - 2 scrolls of enchant armour {unknown}
Potions
 g - 3 potions of curing
 i - 3 potions of might
 j - 7 potions of haste
 m - a potion of berserk rage {unknown}
 q - a potion of magic {unknown}
 s - 4 potions of flight {unknown}
 t - 4 potions of cancellation {unknown}
 u - a potion of resistance {unknown}
 w - 2 potions of heal wounds
 D - a potion of attraction {unknown}
 E - a potion of lignification {unknown}
 G - a potion of degeneration {unknown}


   Skills:
 + Level 9.0 Fighting
 + Level 12.7 Maces & Flails
 + Level 6.0 Throwing
 + Level 10.0 Armour
 + Level 4.1 Dodging
 + Level 1.1 Stealth
 + Level 6.0 Shields


You had 10 spell levels left.
You didn't know any spells.
Your spell library was empty.

Dungeon Overview and Level Annotations

Branches:
Dungeon (9/15)             Temple (1/1) D:6            Lair (1/5) D:9
  Sewer (visited)
    Orc: D:9-12

Altars:
Ashenzari
Cheibriados
Dithmenos
Elyvilon
Fedhas
Gozag
Hepliaklqana
Kikubaaqudgha
Makhleb
Nemelex Xobeh
Okawaru
Qazlal
Ru
Sif Muna
Trog
Uskayaw
Vehumet
Wu Jian
Xom
Yredelemnul
Zin
The Shining One

Shops:
D:2 [   D:3 :?

Annotations:
Lair:1 Fannar


Innate Abilities, Weirdness & Mutations

You have a pair of horns on your head.
You reflexively headbutt those who attack you in melee.


Message History

The ice beast hits you but does no damage.
You block the ice beast's attack. Fannar hits you but does no damage.
Fannar freezes you. You block the ice beast's attack.
You slash the ice beast! You headbutt the ice beast.
You kill the ice beast!
The ice beast disappears in a puff of smoke!
You block Fannar's attack.
The ice beast hits you but does no damage.
You block Fannar's attack.
You miss Fannar.
Fannar is lightly wounded.
The ice beast closely misses you. Fannar hits you with a staff of cold.
Fannar freezes you! You block the ice beast's attack.
You hit Fannar.
You feel better.
Fannar is moderately wounded.
Fannar hits you with a staff of cold. Fannar freezes you!
* * * LOW HITPOINT WARNING * * *
You block the ice beast's attack.
You hit Fannar but do no damage.
Fannar is moderately wounded.
You block Fannar's attack. You block the ice beast's attack.
Fannar hits you but does no damage. Fannar freezes you.
* * * LOW HITPOINT WARNING * * *
The ice beast hits you but does no damage.
You slice Fannar!!
You feel better.
Your headbutt misses Fannar.
Fannar is heavily wounded.
You block Fannar's attack. The ice beast barely misses you.
You furiously retaliate!
You headbutt the ice beast. You miss Fannar.
Fannar is heavily wounded.
You block Fannar's attack. You block the ice beast's attack.
Fannar murmurs some mystic words to themself.
Fannar casts a spell at you. The bolt of cold hits you!!
* * * LOW HITPOINT WARNING * * *
The ice beast hits you but does no damage.
A red film seems to cover your vision as you go berserk!
You feel yourself moving faster!
You feel mighty! Fannar hits you but does no damage. Fannar freezes you!
You die...

.....................#
..###......####......##
.....................P#
........###.##PPP.##.##
......................#
............##..#P.#.##
......................#
...###.###..#........##
................@....#
.#.##P.###.....e.Y#...#
.....................##
##....#.....(....#...#
...........?.."......#
#..........###..####.#
.......... ... ..#
..#.#.#... .... .#
..........


You could see Fannar and an ice beast (summoned).

Vanquished Creatures
  Gastronok (Lair:1)
  The ghost of oldriver the Shooter, an amateur MeHu (D:3)
  2 trolls
  A wyvern (D:9)
  8 yaks (D:9)
  4 fire bats (D:8)
  Grum (D:9)
  2 steam dragons
  A hell hound (D:8)
  A water moccasin (D:5)
  2 ice beasts
  2 orc warriors (D:9)
  An ogre (D:7)
  2 sky beasts (D:8)
  2 wolves (D:9)
  A centaur (D:9)
  2 phantoms
  5 kobold brigands
  3 bullfrogs
  Blork the orc (D:6)
  2 scorpions
  A gnoll sergeant (D:9)
  A wyvern zombie (D:3)
  2 necrophages (D:6)
  11 wights
  6 howler monkeys
  A centaur zombie (D:3)
  2 lava snakes (D:8)
  A quasit (D:7)
  A jelly (D:4)
  5 orc priests
  4 hounds
  A gnoll bouda (D:5)
  Jessica (D:3)
  Ijyb (D:3)
  An iguana (D:6)
  7 orc wizards
  Robin (D:4)
  2 howler monkey skeletons (D:3)
  8 adders
  17 gnolls
  2 river rats (D:4)
  5 shadow imps
  2 white imps
  3 ufetubi
  4 worms
  4 dart slugs
  31 orcs
  7 endoplasms
  2 giant cockroaches
  7 hobgoblins
  4 jackals
  28 kobolds
  5 quokkas
  4 ball pythons
  8 bats
  4 frilled lizards
  8 goblins
  5 rats
  A fire vortex (D:8)
253 creatures vanquished.

Vanquished Creatures (others)
  A kobold (Sewer)
  A demonic plant (D:7)
  2 fire vortices (D:8)
  3 fungi
  14 plants
21 creatures vanquished.

Grand Total: 274 creatures vanquished

Notes
Turn   | Place    | Note
-------+----------+-------------------------------------------
     0 | D:1      | patfeehan111222 the Minotaur Berserker began the quest for
                  | the Orb.
     0 | D:1      | Reached XP level 1. HP: 19/19 MP: 0/0
   311 | D:1      | Reached XP level 2. HP: 21/27 MP: 1/1
   417 | D:1      | Found a faded altar of an unknown god.
   523 | D:1      | Reached skill level 4 in Maces & Flails
   877 | D:2      | Reached ** piety under Trog
   878 | D:2      | Reached XP level 3. HP: 26/33 MP: 2/2
   970 | D:2      | Found Utzatapo's Armour Boutique.
  1397 | D:2      | Reached XP level 4. HP: 32/41 MP: 3/3
  1551 | D:2      | Reached skill level 5 in Maces & Flails
  1706 | D:3      | Noticed Ijyb
  1713 | D:3      | Killed Ijyb
  1914 | D:3      | Reached XP level 5. HP: 45/47 MP: 4/4
  1966 | D:3      | Found a transporter.
  1966 | D:3      | Noticed Jessica
  1968 | D:3      | Killed Jessica
  1969 | D:3      | Reached skill level 1 in Throwing
  2011 | D:3      | HP: 2/70 [orc priest/divine providence (8)]
  2065 | D:3      | Found Ikkilor's Magic Scroll Boutique.
  2253 | D:3      | Reached skill level 6 in Maces & Flails
  2253 | D:3      | Reached XP level 6. HP: 53/53 MP: 5/5
  2269 | D:3      | Found Zuocwode's Book Shoppe.
  2419 | D:3      | Noticed oldriver's ghost (amateur MeHu)
  2426 | D:3      | Found a transporter.
  2786 | D:3      | Killed oldriver's ghost
  2787 | D:3      | Reached skill level 5 in Fighting
  2787 | D:3      | Reached XP level 7. HP: 61/61 MP: 6/6
  2795 | D:3      | Reached *** piety under Trog
  2796 | D:3      | Reached skill level 7 in Maces & Flails
  3224 | D:4      | Found a glowing drain.
  3235 | D:4      | Reached skill level 1 in Shields
  3240 | Sewer    | Entered a sewer
  3538 | Sewer    | Reached skill level 5 in Armour
  3863 | D:4      | Reached skill level 1 in Stealth
  4051 | D:4      | Noticed Robin
  4065 | D:4      | Killed Robin
  4072 | D:4      | Reached **** piety under Trog
  4180 | D:5      | Entered Level 5 of the Dungeon
  4195 | D:5      | Reached XP level 8. HP: 61/69 MP: 7/7
  4416 | D:5      | Reached skill level 8 in Maces & Flails
  4513 | D:5      | Identified the +3 quarterstaff of Fuedwek {heavy, rPois rF+
                  | Int-4}
  5715 | D:6      | Reached ***** piety under Trog
  5716 | D:6      | Reached skill level 9 in Maces & Flails
  5834 | D:6      | Noticed Blork the orc
  5845 | D:6      | Killed Blork the orc
  5846 | D:6      | Reached XP level 9. HP: 69/75 MP: 8/8
  6054 | D:6      | Found a staircase to the Ecumenical Temple.
  6061 | Temple   | Entered the Ecumenical Temple
  6735 | D:7      | Found a blossoming altar of Fedhas.
  7049 | D:7      | Reached skill level 10 in Maces & Flails
  7081 | D:7      | Found a hide-covered altar of Uskayaw.
  7812 | D:8      | Found the +5 Force Lance {heavy, knockback}
  7995 | D:8      | Reached skill level 5 in Throwing
  8248 | D:8      | Noticed a troll
  8257 | D:8      | Killed a troll
  8258 | D:8      | Reached skill level 11 in Maces & Flails
  8481 | D:8      | Reached XP level 10. HP: 84/86 MP: 9/9
  8620 | D:8      | HP: 3/86 [fire bat (6)]
  8629 | D:8      | HP: 3/88 [fire bat (6)]
  9149 | D:9      | Found a staircase to the Lair.
  9255 | D:9      | Noticed Grum
  9269 | D:9      | Killed Grum
  9415 | D:9      | Reached skill level 5 in Shields
  9539 | D:9      | Reached skill level 12 in Maces & Flails
 10044 | Lair:1   | Entered Level 1 of the Lair of Beasts
 10068 | Lair:1   | Found the +8 demon blade "Leech" {evervamp, Harm Drain rN+}
 10086 | Lair:1   | Noticed Gastronok
 10112 | Lair:1   | Killed Gastronok
 10113 | Lair:1   | Reached skill level 10 in Armour
 10113 | Lair:1   | Reached XP level 11. HP: 16/97 MP: 10/10
 10417 | Lair:1   | Noticed Fannar
 10433 | Lair:1   | Slain by Fannar

Illustrated notes

Levels and vault maps discovered:
D:1:      wander_arrival_fairy_ring, layout_loops_corners,
          basic_ecumenical_altar
D:2:      layout_basic, serial_shops, shop, chequers_serial_rivers_micro_c
D:3:      cheibrodos_pilgrimage, layout_loops_corners, serial_shops, shop, shop,
          gammafunk_ghost_mausoleum, uniq_ijyb, uniq_jessica
D:4:      layout_basic, gup_sewer_entry_bubbles, uniq_robin
D:5:      layout_loops_ring, chequers_big_river
D:6:      layout_gridville, minmay_temple_entry_wispy,
          kennysheep_generic_room_13, uniq_blork_the_orc
D:7:      layout_cave_pools, mainiacjoe_overflow_catwalk_spiral, serial_demonic,
          serial_demonic_f, serial_demonic_d, serial_demonic_c,
          serial_demonic_b, serial_demonic_c
D:8:      layout_gridville, hangedman_incinerator
D:9:      layout_roguey, lair_entry_dummy, nicolae_underground_beach, uniq_grum
Temple:   mainiacjoe_temple_cubbyholes
Lair:1:   layout_long_grid, dreamdust_deal_with_the_devil, uniq_gastronok,
          uniq_fannar

Skill      XL: |  1  2  3  4  5  6  7  8  9 10 |
---------------+-------------------------------+-----
Fighting       | 4 5 6 7 9 |  9.0
Maces & Flails | 4 5 6 7 9 11 12 | 12.7
Armour         | 3 4 5 7 8 10 | 10.0
Throwing       | 1 2 3 4 5 6 |  6.0
Dodging        | 3 4 |  4.1
Shields        | 1 2 3 6 |  6.0
Stealth        | 1 |  1.1

Action                     |  1- 3 |  4- 6 |  7- 9 | 10-12 || total
---------------------------+-------+-------+-------+-------++-------
  Melee: Mace              |    51 |     3 |       |       ||    54
         Headbutt          |     4 |    12 |    82 |    33 ||   131
         Flail             |       |    78 |   257 |       ||   335
         Punch             |       |     2 |     6 |     1 ||     9
         Morningstar       |       |       |   197 |   152 ||   349
         Demon blade       |       |       |       |    11 ||    11
  Throw: Boomerang         |     8 |    32 |    62 |    22 ||   124
         Javelin           |       |       |       |     4 ||     4
         Throwing net      |       |       |       |     1 ||     1
 Invoke: Berserk           |     1 |     4 |     4 |     4 ||    13
         Trog's Hand       |       |       |     1 |     1 ||     2
    Use: Scroll            |     5 |       |     4 |       ||     9
         Potion            |     1 |     1 |     2 |     3 ||     7
 Armour: Animal skin       |     5 |       |       |       ||     5
         Leather armour    |    13 |       |       |       ||    13
         Scale mail        |       |    32 |    45 |       ||    77
         Plate armour      |       |       |   259 |   120 ||   379
  Dodge: Dodged            |    50 |    42 |   225 |    74 ||   391
  Block: Other             |       |    17 |   118 |    28 ||   163
         Reflection        |       |       |     2 |       ||     2
         Kite shield       |       |       |       |    78 ||    78

Table legend: (Time is in decaauts)
 A = Elapsed time spent in this place.
 B = Non-inter-level travel time spent in this place.
 C = Inter-level travel time spent in this place.
 D = Time resting spent in this place.
 E = Time spent auto-exploring this place.
 F = Levels seen in this place.
 G = Mean time per level.
                   A        B        C        D        E       F      G
               +--------+--------+--------+--------+--------+-----+--------+
         Total |  10637 |  10372 |    265 |    751 |   6643 |  12 |  886.4 |
       Dungeon |   9414 |   9202 |    212 |    445 |   6117 |   9 | 1046.0 |
        Temple |    368 |    315 |     53 |      0 |    292 |   1 |  368.0 |
          Lair |    394 |    394 |      0 |    206 |     99 |   1 |  394.0 |
         Sewer |    460 |    460 |      0 |    100 |    134 |   1 |  460.0 |
               +--------+--------+--------+--------+--------+-----+--------+

Top non-repeatable levels by time:
     D:8: 1487 daAuts
     D:3: 1324 daAuts
     D:6: 1173 daAuts
     D:5: 1167 daAuts
     D:9: 1009 daAuts
     D:1: 877 daAuts
     D:4: 869 daAuts
     D:2: 811 daAuts
     D:7: 693 daAuts
   Sewer: 460 daAuts
  Lair:1: 394 daAuts
  Temple: 368 daAuts
